 Dungeon Crawl Stone Soup version 0.31.0-32-g396128a36d (webtiles) character file.

Game seed: 2599604383401821642

31 Alphaeus the Ruffian (level 3, 0/33 HPs)
             Began as a Troll Shapeshifter on Mar 18, 2024.
             Slain by Sigmund
             ... wielding a +0 scythe
              (11 damage)
             ... on level 2 of the Dungeon.
             The game lasted 00:00:41 (715 turns).

Alphaeus the Ruffian (Troll Shapeshifter)            Turns: 715, Time: 00:00:42

Health: 0/33       AC:  4    Str: 22    XL:     3   Next: 7%
Magic:  2/2        EV:  9    Int:  8    God:
Gold:   38         SH:  0    Dex:  9    Spells: 2/2 levels left

rFire   . .          .
                       - Unarmed
rCold   . . .        (no shield)
rNeg    . . .        a - +0 animal skin
rPois   .            (helmet currently unavailable)
rElec   .            (cloak currently unavailable)
rCorr   .            (gloves unavailable)
SInv    .            (boots unavailable)
Will    .....        (no amulet)
Stlth   +            (no ring)
HPRegen 1.05/turn    (no ring)
MPRegen 0.08/turn

%: no passive effects
@: beast-form
A: beast (slay +1), large, unfitting armour, claws 3, regeneration 1, shaggy fur
1, tough skin 1
a: Begin Untransformation


You were on level 2 of the Dungeon.
You were a hulking beast.
You visited 1 branch of the dungeon, and saw 2 of its levels.

You collected 38 gold pieces.

Inventory:

Armour
 a - a +0 animal skin (worn)
Talismans
 c - a beast talisman
 d - a flux talisman
Scrolls
 e - a scroll of blinking {unknown}
 f - 3 scrolls of fog {unknown}
 g - 2 scrolls of identify {unknown}
 k - a scroll of teleportation {unknown}
 l - a scroll of silence {unknown}
 m - a scroll of poison {unknown}
 p - a scroll of vulnerability {unknown}
Potions
 b - a potion of lignification
 h - 3 potions of heal wounds {unknown}
 i - a potion of cancellation {unknown}
 j - a potion of might {unknown}
 n - 2 potions of haste {unknown}
 o - a potion of resistance {unknown}


   Skills:
 + Level 1.2 Fighting
 - Level 1.5 Dodging
 * Level 3.5 Unarmed Combat
 * Level 3.4 Shapeshifting


You had 2 spell levels left.
You didn't know any spells.
Your spell library contained the following spells:

 Spells                   Type           Power      Damage    Failure   Level
 Sandblast                Erth           0%         2d4       41%         1
 Passwall                 Erth           0%         N/A       78%         3
 Stone Arrow              Conj/Erth      0%         3d7       78%         3
 Brom's Barrelling Bould  Conj/Erth      0%         2d3       99%         4


Dungeon Overview and Level Annotations

Branches:
Dungeon (2/15)

Altars:
Yredelemnul

Annotations:
D:2 Jessica, Sigmund


Innate Abilities, Weirdness & Mutations

You are a hulking beast.
Your limbs bulge with bestial killing power. (Slay +1)
You are too large for most types of armour.
You have claws for hands.
Your natural rate of healing is unusually fast.
You are covered in fur. (AC +1)
You have tough skin. (AC +1)


Message History

Found a robe.
You see here a +0 robe.
Sigmund the Dreaded comes into view.
He is wielding a +0 scythe.
Sigmund shouts!
You hear a shout!
Found a basalt altar of Yredelemnul.
Sigmund gestures at you while chanting. The magic dart hits you!
Sigmund mumbles some strange words.
Sigmund flickers and vanishes!
Deactivating autopickup; reactivate with Ctrl-A.
No target in view!
No target in view!
No target in view!
No target in view!
No target in view!
No target in view!
No target in view!
No target in view!
No target in view!
No target in view!
No target in view!
No target in view!
No target in view!
No target in view!
No target in view!
No target in view!
No target in view!
No target in view!
No target in view!
You barely miss something. Something hits you!
You miss something.
An endoplasm comes into view.
You barely miss something.
The endoplasm quivers.
Something hits you!
Jessica the Apprentice Sorceress comes into view.
She is wielding a +0 club.
You closely miss something. Something hits you.
You closely miss something. Jessica hits you with a +0 club.
You claw something! Something hits you!
You die...

......).......#.#
#.####.#
..............#.#
#.#....#
............^.#.#
..#.####
.....########
#.#####.# .....#
#.[.....# .....#
#.####### ....>#
#.# .....# #.###
#.h.# #@#{..#
.......#
.J.......#
........_..#
...........#
...........#
....... ####


You could see Jessica and an endoplasm.

Vanquished Creatures
  A dart slug (D:1)
  2 ball pythons (D:1)
  3 endoplasms (D:1)
  A giant cockroach (D:1)
  4 goblins
  A hobgoblin (D:1)
  2 quokkas
  3 bats (D:1)
  2 frilled lizards (D:1)
  5 kobolds (D:1)
  3 rats
27 creatures vanquished.

Notes
Turn   | Place    | Note
-------+----------+-------------------------------------------
     0 | D:1      | Alphaeus the Troll Shapeshifter began the quest for the
                  | Orb.
     0 | D:1      | Reached XP level 1. HP: 18/18 MP: 0/0
   147 | D:1      | Reached skill level 1 in Fighting
   192 | D:1      | Reached XP level 2. HP: 27/27 MP: 1/1
   575 | D:2      | Reached XP level 3. HP: 33/33 MP: 2/2
   707 | D:2      | Noticed Sigmund
   708 | D:2      | Found a basalt altar of Yredelemnul.
   712 | D:2      | Noticed Jessica
   715 | D:2      | Slain by Sigmund

Illustrated notes

Levels and vault maps discovered:
D:1:      dpeg_arrival_arbitrary_b, layout_basic
D:2:      layout_basic, basic_altar, uniq_sigmund, uniq_jessica

Skill      XL: |  1 |
---------------+----+-----
Fighting       | 1 |  1.2
Dodging        | |  1.5
Unarmed Combat | |  3.5
Shapeshifting  | |  3.4

Action                     || total
---------------------------++-------
  Melee: Unarmed           ||    65
 Armour: Animal skin       ||    40
  Dodge: Dodged            ||    26
